 Dungeon Crawl Stone Soup version 0.28-a0-1038-g9c4cb8273d (webtiles) character file.

Game seed: 12384324016303739413

50 ytrimaz the Insei (level 3, -2/24 HPs)
             Began as an Octopode Transmuter on Dec 8, 2021.
             Slain by a goblin (19 damage)
             ... on level 2 of the Dungeon.
             The game lasted 00:02:35 (1790 turns).

ytrimaz the Insei (Octopode Transmuter)             Turns: 1790, Time: 00:02:37

Health: -2/24      AC:  1    Str:  9    XL:     3   Next: 79%
Magic:  6/6        EV: 13    Int: 17    God:
Gold:   81         SH:  0    Dex: 12    Spells: 2/6 levels left

rFire   . . .      SeeInvis .     - Unarmed
rCold   . . .      Faith    .   (no shield)
rNeg    . . .      Spirit   .   (helmet restricted)
rPois   .          Reflect  .   (no amulet)
rElec   .          Harm     .   (no ring)
rCorr   .          Rampage  .   (no ring)
Will    .....                   (no ring)
Stlth   ++........              (no ring)
HPRegen 0.08/turn               (no ring)
MPRegen 0.10/turn               (no ring)
                                (no ring)
                                (no ring)

@: no status effects
A: almost no armour, amphibious, 8 rings, camouflage 1, gelatinous body 1,
(nimble swimmer 1), tentacles
a: no special abilities


You were on level 2 of the Dungeon.
You visited 1 branch of the dungeon, and saw 2 of its levels.

You collected 81 gold pieces.

Inventory:

Scrolls
 a - 2 scrolls of teleportation
 b - a scroll of identify
 c - a scroll of fog


   Skills:
 * Level 1.8 Fighting
 - Level 2.0 Dodging
 + Level 3.6 Unarmed Combat
 * Level 2.4 Spellcasting
 * Level 2.3 Transmutations
 + Level 0.1 Poison Magic


You had 2 spell levels left.
You knew the following spells:

 Your Spells              Type           Power      Damage    Failure   Level
a - Beastly Appendage     Tmut           20%        N/A       7%          1
b - Spider Form           Tmut/Pois      6%         N/A       32%         3

Your spell library contained the following spells:

 Spells                   Type           Power      Damage    Failure   Level
 Wereblood                Tmut           10%        N/A       11%         2
 Ice Form                 Ice/Tmut       6%         N/A       75%         4


Dungeon Overview and Level Annotations

Branches:
Dungeon (2/15)

Altars:


Innate Abilities, Weirdness & Mutations

You cannot wear most types of armour.
You are amphibious.
You can wear up to eight rings at the same time.
Your skin changes colour to match your surroundings (Stealth+).
Your rubbery body absorbs attacks. (AC +1, EV +1)
((You are camouflaged near water. (Stealth+)))
You have tentacles for arms and can constrict up to eight enemies at once.


Message History

You tentacle-slap the bat. You grab the bat.
The bat is moderately wounded.
You constrict the bat. The bat hits you but does no damage.
The bat escapes!
You tentacle-slap the bat.
You kill the bat!
No target in view!
No target in view!
HP restored.
A quokka comes into view.
A quokka is nearby!
A quokka is nearby!
A quokka is nearby!
A quokka is nearby!
Okay, then.
Okay, then.
Found a whip.
A hobgoblin comes into view.
The helpless quokka fails to defend itself.
You bludgeon the quokka!
You kill the quokka!
The helpless hobgoblin fails to defend itself.
You tentacle-slap the hobgoblin. You grab the hobgoblin.
The hobgoblin is moderately wounded.
You constrict the hobgoblin. The hobgoblin barely misses you.
You tentacle-slap the hobgoblin.
You kill the hobgoblin!
A goblin comes into view.
It is wielding a +2 falchion of electrocution.
A goblin is nearby!
No target in view!
No target in view!
A goblin is nearby!
A goblin is nearby!
A goblin is nearby!
You barely miss the goblin.
The goblin shouts!
Your grab misses the goblin.
The goblin hits you with a +2 falchion of electrocution!
You are electrocuted!!
Ouch! That really hurt!
You die...

##.## ###..###### #...#
####..##### #...# #...###...#
#...# #.###.....# #...#
#.........# ##
######...####.###)....# #.
##.............###.....###.
...............#...........
##........@....#.##...####.
#####....#g####........##.
#....#.# #(.......### #..(.#.#
#........# #....#.# #.#....###
##....#.####......# ###
#######.......#......)..# #..
#.......##..............# #.#
##..###........#.........###.#


You could see a goblin.

Vanquished Creatures
  A worm (D:2)
  3 dart slugs (D:1)
  6 bats
  4 endoplasms
  2 giant cockroaches (D:1)
  6 goblins
  3 hobgoblins
  2 quokkas
  3 ball pythons (D:1)
  2 frilled lizards
  3 kobolds
  4 rats (D:1)
39 creatures vanquished.

Notes
Turn   | Place    | Note
-------+----------+-------------------------------------------
     0 | D:1      | ytrimaz the Octopode Transmuter began the quest for the
                  | Orb.
     0 | D:1      | Reached XP level 1. HP: 13/13 MP: 3/3
   211 | D:1      | Reached XP level 2. HP: 13/18 MP: 5/5
   594 | D:1      | Reached XP level 3. HP: 2/23 MP: 4/6
   613 | D:1      | Learned a level 3 spell: Spider Form
  1790 | D:2      | Slain by a goblin

Illustrated notes

Levels and vault maps discovered:
D:1:      tarquinn_simple_flora_water_b, layout_rooms
D:2:      layout_loops_cross, grunt_decor_clamped

Action                   || total
-------------------------++-------
Melee: Unarmed           ||    85
       Constrict         ||    22
       Tentacles         ||    10
       Kick              ||     1
 Cast: Beastly Appendage ||     4
  Use: Scroll            ||     3
       Potion            ||     1
 Stab: Sleeping          ||     9
Armor: Skin              ||    13
Dodge: Dodged            ||    65

Table legend: (Time is in decaauts)
 A = Elapsed time spent in this place.
 B = Non-inter-level travel time spent in this place.
 C = Inter-level travel time spent in this place.
 D = Time resting spent in this place.
 E = Time spent auto-exploring this place.
 F = Levels seen in this place.
 G = Mean time per level.
                   A        B        C        D        E       F      G
               +--------+--------+--------+--------+--------+-----+--------+
         Total |   1784 |   1771 |     13 |     13 |   1470 |   2 |  892.0 |
       Dungeon |   1784 |   1771 |     13 |     13 |   1470 |   2 |  892.0 |
               +--------+--------+--------+--------+--------+-----+--------+

Top non-repeatable levels by time:
     D:1: 1267 daAuts
     D:2: 517 daAuts
